cohdb
Replays
Latest Replays
All Replays
Popular Replays
Top Player Replays
Match Explorer
How It Works
Community
CoH3 Stats
Reddit
Sign in to upload your games and track your stats! →
Sign in with Steam
Match 43533054
Unlisted
Match 43533054
Overview
Messages
Build Orders
End
Construct Infanterie Kompanie
Selects Terror Battlegroup
Selects Machine Gun Camouflage
MG 42 Machine Gun Team
MG 42 Machine Gun Team
Grenadier Squad
Sniper
Construct Luftwaffe Kompanie
MG 42 Bunker
Support Elements
Jäger Squad
Selects Defend the Fatherland
Wirbelwind Flakpanzer
Medical Bunker
Wirbelwind Flakpanzer
Jäger Squad
Forward Retreat Point
Pioneer Squad
Jäger Squad
Selects King Tiger Heavy Tank
King Tiger Heavy Tank
Construct Panzer Kompanie
Panzer IV Medium Tank
dropzee
DOLPHINMURN
Varathor
Gro-Kalibr'
Unusualsoupcan
Ambro
mustapha_raja123
vonAJ
0
0
Comments
sign in to comment!
No comments posted yet!